Map: Iron Fortress LE (Void)

Players

Kiiiiiiiiiii

  • Race: Protoss Protoss
  • League: Grandmaster

Javert

  • Race: Zerg Zerg
  • League: Grandmaster

VOD

Have the link to the VOD?

Description

Time

  • Played on: June 23, 2015, 8:29 p.m.
  • Length: 8:11
Show
View Real Time Build Order
Export as new Build Order

Kiiiiiiiiiii Protoss 

Build Orders: Nexus First 

Get SALT Encoding   

  12  0:01  Probe  
  13  0:40  Nexus  
  13  0:46  Probe  
  14  1:00  Pylon  
  14  1:21  Forge  
  14  1:25  Gateway  
  14  1:27  Probe (Chrono Boost)  
  15  1:37  Probe (Chrono Boost)  
  16  1:40  Assimilator  
  16  1:53  Probe x2 (Chrono Boost)  
  18  2:03  Probe x2 (Chrono Boost), Photon Cannon  
  20  2:20  Cybernetics Core  
  20  2:29  Probe (Chrono Boost)  
  22  2:30  Probe (Chrono Boost)  
  22  2:31  Pylon  
  22  2:40  Probe x2 (Chrono Boost)  
  22  2:42  Pylon  
  24  3:02  Gateway, Warp Gate (Chrono Boost)  
  24  3:03  Probe  
  24  3:04  Probe  
  26  3:16  Probe x2 (Chrono Boost)  
  30  3:27  Probe x2 (Chrono Boost)  
  30  3:33  Gateway, Assimilator  
  30  3:34  Gateway  
  30  3:35  Probe x2  
  30  3:36  Gateway  
  32  3:48  Zealot x2  
  33  4:02  Photon Cannon  
  33  4:04  Mothership Core  
  35  4:17  Zealot x2 (Chrono Boost)  
  39  5:10  Nexus  
  39  5:11  Pylon  
  39  5:19  Pylon  
  39  5:35  Photon Cannon  
  39  5:37  Photon Cannon  
  39  5:38  Photon Cannon  
  39  5:43  Probe  
  39  5:47  Stalker x2  
  44  5:56  Probe  
  45  6:02  Twilight Council  
  45  6:09  Gateway  
  45  6:10  Gateway  
  45  6:12  Gateway  
  45  6:14  Probe (Chrono Boost)  
  45  6:18  Assimilator x2  
  46  6:25  Probe (Chrono Boost)  
  47  6:31  Probe  
  46  6:42  Stalker  
  46  6:43  Stalker  
  46  6:44  Probe  
  51  6:56  Probe  
  51  6:58  Pylon  
  52  7:02  Stalker x2  
  56  7:14  Probe x2  
  58  7:16  Stalker x2  
  58  7:17  Stalker  
  64  7:39  Stalker x2  
  64  7:43  Pylon  
  68  7:46  Pylon  
  68  7:59  Dark Shrine  
  68  8:03  Stalker  
  72  8:05  Zealot x2  
  72  8:06  Zealot x2  
Show
View Real Time Build Order
Export as new Build Order

Javert Zerg 

Build Orders: Hatch First 

Get SALT Encoding   

  12  0:01  Drone  
  13  0:14  Overlord  
  13  0:19  Drone  
  14  0:33  Drone x2  
  16  0:43  Drone  
  17  0:56  Hatchery, Extractor  
  15  0:59  Drone  
  15  1:02  Drone  
  17  1:08  Drone  
  18  1:23  Drone  
  18  1:24  Spawning Pool  
  18  1:30  Drone  
  19  1:41  Overlord  
  19  1:53  Drone  
  20  2:07  Drone  
  21  2:12  Metabolic Boost, Queen  
  21  2:13  Queen  
  21  2:15  Zergling x4  
  27  2:23  Zergling x2  
  29  2:30  Zergling x2  
  29  2:35  Zergling x4  
  31  2:50  Drone x2  
  33  3:09  Zergling x6  
  35  3:13  Hatchery  
  35  3:16  Overlord  
  34  3:27  Overlord  
  34  3:51  Overlord x2  
  34  3:56  Overlord x2  
  34  4:04  Drone  
  34  4:05  Drone x11  
  46  4:19  Drone x2  
  46  4:20  Drone x2  
  50  4:28  Overlord x2  
  46  4:43  Overlord x2  
  43  4:47  Roach Warren, Overlord x2  
  43  4:49  Extractor  
  43  4:51  Lair  
  40  4:52  Extractor  
  40  4:53  Extractor  
  38  5:28  Roach  
  38  5:29  Roach x12  
  38  5:35  Drone x3  
  67  5:43  Drone x4  
  71  5:52  Evolution Chamber, Glial Reconstitution  
  70  6:01  Overlord  
  70  6:06  Drone x4  
  70  6:07  Drone  
  75  6:16  Zergling x2  
  76  6:21  Zergling x12  
  76  6:24  Burrow  
  78  6:41  Overlord  
  78  6:46  Drone x2  
  80  6:48  Hydralisk Den  
  79  7:02  Drone x7  
  86  7:16  Roach x9  
  86  7:19  Roach  
  106  7:24  Overlord  
  100  7:37  Extractor  
  100  7:38  Extractor  
  100  7:42  Hydralisk x6  
Tags
 
Add a new tag
Caveats
  • Supply blocks, unpowered buildings, or Contaminate may cause inaccurate times.
  • Supply counts are checked every 10 seconds.